 Dungeon Crawl Stone Soup version 0.29.0-4-gdea44cf6ec (webtiles) character file.

Game seed: 1580924676738883743

44 qw the Chopper (level 3, -16/23 HPs)
             Began as a Gargoyle Fighter on Sept 8, 2022.
             Demolished by an ogre
             ... wielding a +0 giant club
              (26 damage)
             ... on level 3 of the Dungeon.
             The game lasted 00:00:43 (2042 turns).

qw the Chopper (Gargoyle Fighter)                   Turns: 2042, Time: 00:00:43

Health: -16/23     AC: 10    Str: 21    XL:     3   Next: 60%
Magic:  3/3        EV:  9    Int:  8    God:
Gold:   162        SH:  4    Dex:  9    Spells: 2/2 levels left

rFire   + . .      SeeInvis .   Y - +0 war axe
rCold   + . .      Faith    .   c - +0 buckler
rNeg    + . .      Spirit   .   b - +0 scale mail
rPois   inf        Reflect  .   (no helmet)
rElec   +          Harm     .   f - scarf {rC+ rF+}
rCorr   .          Rampage  .   (no gloves)
Will    .....                   (no boots)
Stlth   ..........              (no amulet)
HPRegen 0.07/turn               (no ring)
MPRegen 0.08/turn               (no ring)

@: no status effects
A: sickness immunity, AC +3, negative energy resistance 1, electricity
resistance, torment resistance 1, petrification resistance
a: no special abilities


You were on level 3 of the Dungeon.
You visited 1 branch of the dungeon, and saw 3 of its levels.

You collected 162 gold pieces.


Innate Abilities, Weirdness & Mutations

You are immune to sickness and miasma.
Your stone body is resilient. (AC +3)
You are immune to poison.
You resist negative energy. (rN+)
You are resistant to electric shocks. (rElec)
You are resistant to unholy torment.
You are immune to petrification.


   Skills:
 - Level 3.2 Fighting
 + Level 3.5 Axes
 - Level 3.2 Armour
 - Level 3.2 Shields


You had 2 spell levels left.
You didn't know any spells.
Your spell library was empty.

Inventory:

Hand Weapons
 h - a +3 whip
 Y - a +0 war axe (weapon)
Armour
 b - a +0 scale mail (worn)
 c - a +0 buckler (worn)
 f - a scarf of resistance (worn)
Scrolls
 a - a scroll of identify
 e - a scroll of silence {unknown}
Potions
 d - 2 potions of might
 j - a potion of ambrosia {unknown}
 k - a potion of flight {unknown}

Dungeon Overview and Level Annotations

Branches:
Dungeon (3/15)

Altars:


Message History

You closely miss the adder.
The adder is severely wounded.
The adder closely misses you. x2
You slash the adder!
You kill the adder!
You start resting.
HP restored.
Found 3 stones.
You now have 162 gold pieces (gained 14).
Found a robe.
You see here 3 stones.
You open the door.
Found a trident.
Enter note:
There is an open door here.
Found a dagger.
You open the door.
There is an open door here.
A goblin comes into view. It is wielding a +0 club.
The goblin shouts!
You slash the goblin!
You kill the goblin!
You see here a +0 club.
Found a robe.
Enter note: You see here the +9 short sword "Pendulum" {elec, rElec rPois rF- rCorr}.
Enter note: An ogre comes into view. It is wielding a +0 giant club.
You slash the ogre!
The ogre is heavily wounded.
The ogre barely misses you.
You barely miss the ogre.
The ogre is heavily wounded.
The ogre hits you with a +0 giant club!
Ouch! That really hurt!
You slash the ogre!
The ogre is almost dead.
The ogre hits you with a +0 giant club!!
Ouch! That really hurt!
You die...

## .. # .##.# #
..#.#
####.###....###
......O.......+
#.##@....#
#...)....#
####.##### #.#
####.####
#.......# #
#.##.##.# .# . #
#.##.###### #.#+#.
#.........##......


You could see an ogre.

Vanquished Creatures
  An adder (D:3)
  2 worms (D:2)
  2 ball pythons
  A bat (D:1)
  3 endoplasms
  A giant cockroach (D:1)
  7 goblins
  2 hobgoblins
  2 jackals (D:2)
  A kobold (D:1)
  3 frilled lizards
  4 rats
29 creatures vanquished.

Notes
Turn   | Place    | Note
-------+----------+-------------------------------------------
     0 | D:1      | qw the Gargoyle Fighter began the quest for the Orb.
     0 | D:1      | Reached XP level 1. HP: 14/14 MP: 1/1
     0 | D:1      | 0 ||| qw: Version: 0.1-a-112-g44dc6cd
     0 | D:1      | 0 ||| qw: Game counter: 6816
     0 | D:1      | 0 ||| qw: Always use a shield: true
     0 | D:1      | 0 ||| qw: God list: Okawaru
     0 | D:1      | 0 ||| qw: Allow faded altars: false
     0 | D:1      | 0 ||| qw: Do Orc after D:15 true
     0 | D:1      | 0 ||| qw: Do second Lair branch before Depths: true
     0 | D:1      | 0 ||| qw: Lair rune preference: random
     0 | D:1      | 0 ||| qw: Plans: Normal, Zot, God:TSO, Crypt, Tomb, Zig,
                  | Orb
     0 | D:1      | 0 ||| PLANNING D:1-11
     6 | D:1      | Noticed a black bear
     6 | D:1      | Noticed a swamp worm
     6 | D:1      | Noticed a komodo dragon
     7 | D:1      | Noticed a hog
     7 | D:1      | Noticed an anaconda
   337 | D:1      | Reached XP level 2. HP: 13/19 MP: 2/2
  1021 | D:1      | 1021 ||| READING 2 scrolls labelled PAERPH COGU.
  1022 | D:1      | 1022 ||| READING scroll labelled CYVO JACVOB.
  1026 | D:1      | 1026 ||| READING scroll labelled NEMOOL JUACVOI.
  1027 | D:1      | 1027 ||| READING scroll labelled JORI UPUIFOHO.
  1265 | D:2      | Reached skill level 3 in Axes
  1321 | D:2      | Reached XP level 3. HP: 23/23 MP: 3/3
  1711 | D:2      | 1711 ||| UPGRADING to scarf of resistance.
  1716 | D:2      | 1716 ||| READING scroll labelled ZOPLUS IGUU.
  1717 | D:2      | 1717 ||| READING scroll labelled APPUEL DUTUY.
  1718 | D:2      | 1718 ||| READING scroll labelled ODGHUO VOEMU.
  1719 | D:2      | 1719 ||| READING scroll labelled DOGOTH TEUTRIN.
  1720 | D:2      | 1720 ||| READING scroll labelled LOLOOCRATU.
  1721 | D:2      | 1721 ||| READING 2 scrolls of identify.
  1721 | D:2      | 1721 ||| IDENTIFYING cyan potion
  1722 | D:2      | 1722 ||| DROPPING potion of brilliance.
  2037 | D:3      | Identified the +9 short sword "Pendulum" {elec, rElec rPois
                  | rF- rCorr}
  2038 | D:3      | Noticed an ogre
  2042 | D:3      | Demolished by an ogre

Levels and vault maps discovered:
D:1:      onia_arrival_zoo_common, layout_basic, shapermc_ecumenical_altar_petra
D:2:      minmay_alternating_diamond, layout_basic
D:3:      layout_loops_corners, mainiacjoe_overflow_surrounded_room

Skill      XL: |  1  2 |
---------------+-------+-----
Axes           | 2 3 |  3.5
Fighting       | |  3.2
Armour         | |  3.2
Shields        | |  3.2

Action                   || total
-------------------------++-------
Melee: War axe           ||    75
  Use: Scroll            ||    10
Armor: Scale mail        ||    20
Dodge: Dodged            ||    26
Block: Buckler           ||    12

Table legend:
 A = Non-vault XP
 B = Vault XP
 C = Vault XP percentage of total XP
 D = Non-vault monster count
 E = Vault monster count
 F = Vault count percentage of total count
                 A         B        C        D         E       F
            +---------+---------+-------+---------+---------+-------
      Total |      58 |       5 |   7.9 |      26 |       3 |  10.3
            +---------+---------+-------+---------+---------+-------
        D:1 |      19 |       0 |   0.0 |      12 |       0 |   0.0
        D:2 |      23 |       5 |  17.9 |      10 |       3 |  23.1
        D:3 |      16 |       0 |   0.0 |       4 |       0 |   0.0
            +---------+---------+-------+---------+---------+-------
